 Dungeon Crawl Stone Soup version 0.21.1-68-g103a7afc0a (webtiles) character file.

224 Gargoyl the Skirmisher (level 5, -1/46 HPs)
             Began as a Centaur Abyssal Knight on Aug 3, 2018.
             Was a Follower of Lugonu.
             Slain by an orc
             ... wielding a +0 trident
              (2 damage)
             ... on level 3 of the Dungeon.
             The game lasted 00:03:00 (2288 turns).

Gargoyl the Skirmisher (Centaur Abyssal Knight)     Turns: 2288, Time: 00:03:01

Health: -1/46      AC: 10    Str: 15      XL:     5   Next: 67%
Magic:  7/7        EV:  4    Int: 13 (16) God:    Lugonu [*.....]
Gold:   121        SH:  0    Dex:  9      Spells: 4/4 levels left

rFire    . . .     SeeInvis .   a - +1 hand axe
rCold    . . .     Gourm    .   (no shield)
rNeg     . . .     Faith    .   f - +0 chain mail
rPois    .         Spirit   .   d - +0 helmet (curse)
rElec    .         Reflect  .   (no cloak)
rCorr    .         Harm     .   o - +0 pair of gloves
MR       .....                  (no barding)
Stlth    ..........             (no amulet)
HPRegen  0.15/turn              (no ring)
MPRegen  0.10/turn              (no ring)

@: brilliant, slowed
A: large, hooves 3, deformed body, speed 2, tough skin 3
a: Depart the Abyss, Renounce Religion


You were on level 3 of the Dungeon.
You worshipped Lugonu.
Lugonu was aware of your devotion.
You were not hungry.

You visited 1 branch of the dungeon, and saw 3 of its levels.
You visited the Abyss 1 time.

You collected 121 gold pieces.

Inventory:

Hand Weapons
 a - a +1 hand axe (weapon)
Armour
 d - a cursed +0 helmet (worn)
 f - a +0 chain mail (worn)
 o - a +0 pair of gloves (worn)
Scrolls
 b - a scroll of magic mapping {unknown}
 h - a scroll of remove curse {unknown}
 k - a scroll of noise {unknown}
 n - a scroll of identify {unknown}
Potions
 e - a potion of invisibility
 j - a potion of haste {unknown}
Comestibles
 c - 4 rations


   Skills:
 + Level 4.0 Fighting
 + Level 2.9 Axes
 * Level 2.8 Armour
 + Level 1.2 Dodging
 * Level 3.0 Invocations


You had 4 spell levels left.
You didn't know any spells.

Dungeon Overview and Level Annotations

Branches:
Dungeon (3/15)

Altars:

Annotations:
D:3 Natasha; nora's ghost, weakling MiBe


Innate Abilities, Weirdness & Mutations

You have hooves in place of feet.
Armour fits poorly on your strangely shaped body.
You cover ground very quickly.
You have extremely tough skin. (AC +3)


Message History

The orc wizard hits you but does no damage.
The orc priest calls down the wrath of Beogh upon you.
Beogh smites you!
* * * LOW HITPOINT WARNING * * *
Natasha claws you but does no damage. The orc barely misses you.
The orc wizard hits you but does no damage.
You hit Natasha.
Natasha is almost dead.
You hit the orc wizard.
The orc wizard hits you but does no damage.
Natasha claws you but does no damage.
The orc hits you from afar with a trident.
* * * LOW HITPOINT WARNING * * *
The orc wizard hits you but does no damage.
Natasha barely misses you.
It was a potion of brilliance.
You feel clever all of a sudden.
The orc wizard hits you but does no damage.
The orc hits you from afar with a trident.
You die...

#... #... ...#
..# .#... ....#
.....=.o#.#
.....o#ยง#o# .
....o.#.#@# ..
......#.#h# .#
......o.#o###..#
#..#..#o....#
#........####
#...#<)<##
#.....#...#
#...###.#....
....%. ..####..<


You could see an orc priest, an orc wizard, Natasha and an orc.

Vanquished Creatures
  Sigmund (D:2)
  3 adders (D:2)
  A worm (D:2)
  2 dart slugs (D:1)
  2 leopard geckos
  2 orcs (D:3)
  4 bats
  7 giant cockroaches (D:1)
  2 goblins
  A hobgoblin (D:1)
  7 jackals
  A kobold (D:2)
  A quokka (D:2)
  3 frilled lizards
  2 rats
39 creatures vanquished.

Notes
Turn   | Place    | Note
-------+----------+-------------------------------------------
     0 | Abyss:1  | Gargoyl the Centaur Abyssal Knight began the quest for the Orb.
     0 | Abyss:1  | Reached XP level 1. HP: 19/19 MP: 2/2
   156 | Abyss:1  | Noticed a large abomination
   196 | Abyss:1  | Noticed a guardian serpent
   198 | D:1      | Escaped the Abyss
   275 | D:1      | Reached XP level 2. HP: 26/26 MP: 3/3
   366 | D:1      | Reached * piety under Lugonu
  1044 | D:2      | Reached XP level 3. HP: 23/31 MP: 4/4
  1715 | D:2      | Reached skill level 1 in Dodging
  1947 | D:3      | Noticed Sigmund
  1949 | D:3      | Noticed nora's ghost (weakling MiBe)
  1969 | D:2      | Killed Sigmund
  1969 | D:2      | Reached skill level 4 in Fighting
  1969 | D:2      | Reached XP level 4. HP: 27/40 MP: 4/6
  1969 | D:2      | Reached XP level 5. HP: 31/46 MP: 4/7
  2275 | D:3      | Noticed Natasha
  2287 | D:3      | HP: 1/46 [orc/trident (3)]
  2288 | D:3      | Slain by an orc

Skill      XL: |  1  2  3 |
---------------+----------+-----
Axes           | 2 |  2.9
Armour         | 2 |  2.8
Dodging        | 1 |  1.2
Fighting       | 4 |  4.0
Invocations    | 3 |  3.0

Action                   |  1- 3 |  4- 6 || total
-------------------------+-------+-------++-------
Melee: Hand axe          |   100 |    15 ||   115
       Kick              |    16 |     2 ||    18
Invok: Depart the Abyss  |     1 |       ||     1
  Use: Potion            |     4 |     1 ||     5
  Eat: Chunk             |     1 |     2 ||     3
Armor: Leather armour    |     9 |       ||     9
       Chain mail        |   110 |    32 ||   142
Dodge: Dodged            |    28 |    12 ||    40
